 Dungeon Crawl Stone Soup version 0.17-a0-1092-gc664a5b (console) character file.

4114 Monkaria the Protected (level 10, -4/70 HPs)
             Began as a Demonspawn Chaos Knight on May 20, 2015.
             Slain by Kisielow's ghost (20 damage)
             ... in a bailey.
             The game lasted 00:35:00 (7011 turns).

Monkaria the Protected (Demonspawn Chaos Knight)    Turns: 7011, Time: 00:35:00

Health: -4/70      AC: 12    Str: 17    XL:     10   Next: 6%
Magic:  9/9        EV: 10    Int: 16    God:    Xom [...*..]
Gold:   625        SH:  0    Dex: 21    Spells: 0 memorised, 9 levels left

rFire  . . .     SeeInvis .       - Unarmed
rCold  . . .     Clarity  .     Q - +0 scale mail
rNeg   . . .     SustAb   .     (no shield)
rPois  +         Gourm    .     (helmet restricted)
rElec  .         Spirit   .     S - +0 cloak
rCorr  .         Warding  .     (no gloves)
rMut   .         Stasis   .     O - +0 pair of boots
MR     .....                    M - amulet of rage
Stlth  ++........               U - ring of poison resistance
                                y - +3 ring of dexterity

@: agile, exhausted, very slightly contaminated, hasted and slowed, not
resistant to hostile enchantments, unstealthy
A: claws 2, hooves 1, horns 2, clever 1, low mp 1, nightstalker 1, powered by
pain 1, strong 1
a: Renounce Religion, Evoke Berserk Rage


You were in a bailey.
You worshipped Xom.
You were a favourite toy of Xom.
You were very hungry.

You visited 2 branches of the dungeon, and saw 10 of its levels.
You also visited: Bailey.

You collected 625 gold pieces.

Inventory:

Hand weapons
 a - a +0 falchion of chaos
 s - a +0 blowgun
 F - a +1 hand axe of flaming
 L - the +5 rapier of Jivevaecu {pain, Str+2, unknown}
   (You found it on level 7 of the Dungeon)

   In the hands of one skilled in necromantic magic, it inflicts extra damage on
   living creatures.
   It affects your strength (+2).
Missiles
 g - 6 curare-tipped needles
 t - 43 poisoned needles
 u - 5 needles of slowing
Armour
 v - a +0 cloak
 O - a +0 pair of boots (worn)
 Q - a +0 scale mail (worn)
 S - a +0 cloak (worn)
Magical staves
 X - an uncursed staff of power {unknown}
Jewellery
 y - a +3 ring of dexterity (left claw)
 D - an uncursed ring of teleportation
 M - an amulet of rage (around neck)
 U - a ring of poison resistance (right claw)
Magical devices
 j - a wand of teleportation (8)
 p - a wand of confusion (13)
 r - a wand of random effects (31)
 A - a wand of polymorph (0)
 N - a wand of magic darts (26)
 P - a wand of cold (5)
 Z - a wand of cold (11)
Scrolls
 i - 3 scrolls of remove curse
 k - 3 scrolls of immolation
 m - a scroll of noise
 n - 2 scrolls of blinking
 H - a scroll of enchant weapon {unknown}
 K - a scroll of enchant armour {unknown}
 W - a scroll of magic mapping {unknown}
 Y - a scroll of fog
Potions
 e - 4 potions of cure mutation
 f - 2 potions of curing
 h - 2 potions of agility
 l - 6 potions of flight
 o - 2 potions of lignification
 q - a potion of might
 w - a potion of berserk rage
 x - a potion of ambrosia
 z - a potion of heal wounds
 E - 2 potions of cancellation
 G - 2 potions of brilliance {unknown}
 J - a potion of poison {unknown}
Books
 I - a book of the Dragon

   Spells                             Type                      Level
   a - Flame Tongue                   Conjuration/Fire             1
   b - Cause Fear                     Hexes                        4
   c - Bolt of Fire                   Conjuration/Fire             6
   d - Dragon Form                    Transmutation                7
   e - Dragon's Call                  Summoning                    9
 R - a book of Necromancy

   Spells                             Type                      Level
   a - Pain                           Necromancy                   1
   b - Animate Skeleton               Necromancy                   1
   c - Vampiric Draining              Necromancy                   3
   d - Regeneration                   Charms/Necromancy            3
   e - Animate Dead                   Necromancy                   4
   f - Control Undead                 Necromancy                   4
Comestibles
 b - 12 fruits
 c - 6 bread rations
 d - 2 beef jerkies
 B - 7 meat rations
 T - 7 slices of pizza
 V - 2 chunks of flesh


   Skills:
 - Level 3.6 Fighting
 - Level 2.6 Long Blades
 - Level 11.0 Armour
 - Level 0.8 Dodging
 + Level 7.3 Unarmed Combat


You had 9 spell levels left.
You didn't know any spells.

Dungeon Overview and Level Annotations

Branches:
Dungeon (9/15)             Temple (1/1) D:4
   Lair: D:8-11         Orc: D:9-12

Altars:
Ashenzari
Cheibriados
Dithmenos
Elyvilon
Fedhas
Kikubaaqudgha
Makhleb
Okawaru
Qazlal
Ru
Sif Muna
Trog
Vehumet
Xom
Yredelemnul
Zin
The Shining One

Shops:
D:5 %   D:6 }%[[[

Annotations:
Bailey Kisielow's ghost, experienced GrFi


Innate Abilities, Weirdness & Mutations

You have very sharp fingernails.
You have large cloven feet.
You have a pair of horns on your head.
You are slightly more attuned to the shadows.
You sometimes gain a little power by taking damage.
Your mind is acute. (Int +2)
Your magical capacity is low (-10% MP).
Your muscles are strong. (Str +2)


Message History

Kisielow's ghost hits you but does no damage.
Kisielow's ghost hits you.
There is a gate leading back out of this place here.
Drink which item? (? for menu, Esc to quit)
You feel yourself speed up. Kisielow's ghost hits you.
You are very lightly contaminated with residual magic.
Drink which item? (? for menu, Esc to quit)
Okay, then.
You closely miss Kisielow's ghost. Your claw misses Kisielow's ghost.
Kisielow's ghost hits you!
Press: ? - help, v - describe, . - travel
Here: Kisielow's ghost, wielding a weapon of electrocution The floor.
Unknown command.
Unknown command.
Kisielow's ghost hits you!
* * * LOW HITPOINT WARNING * * *
You are electrocuted!
You die...
Xom roars with laughter!

♣♣♣♣♣♣♣♣
♣♣......♣
♣♣.......#
♣........#
♣♣.......+
♣♣..∩W@..+
♣........+
♣........#
♣♣.......#
♣.......♣
♣♣..♣♣♣♣♣
♣♣♣♣


You could see Kisielow's ghost.

Vanquished Creatures
  A hydra (D:8)
  Grinder (D:3)
  The ghost of kinazarov the Magician, an average DEWz of Kikubaaqudgha (D:5)
  A yak (D:8)
  Edmund (D:5)
  3 sky beasts
  A black bear (D:8)
  An ice beast (D:5)
  An orc warrior (D:8)
  A phantom (D:8)
  Blork the orc (D:4)
  A crocodile (D:8)
  A centaur (D:5)
  3 big kobolds (D:8)
  4 giant frogs
  5 crimson imps
  4 hounds
  2 orc priests
  2 jellies
  2 centaur zombies
  A giant frog skeleton (D:9)
  Crazy Yiuf (D:2)
  2 centaur skeletons
  3 worker ants
  An iron imp (D:4)
  2 iguanas
  2 orc wizards (D:8)
  2 sheep (D:8)
  8 adders
  2 river rats (D:4)
  An ooze (D:2)
  An adder zombie (D:5)
  2 worms (D:3)
  14 orcs
  A ball python (D:4)
  6 giant cockroaches
  9 hobgoblins
  23 kobolds
  4 quokkas
  10 bats
  3 giant geckos
  2 giant gecko skeletons (D:4)
  2 giant newts
  12 goblins
  6 jackals
  19 rats
  4 plants (D:5)
180 creatures vanquished.

Vanquished Creatures (collateral kills)
  Pikel (D:6)
  A yak (D:8)
  An ogre (D:6)
  A dwarf (D:8)
  A giant frog skeleton (D:6)
  Ijyb (D:3)
  An adder (D:8)
  A bat (D:8)
  A jackal (D:3)
  A jackal skeleton (D:6)
10 creatures vanquished.

Vanquished Creatures (others)
  A slave (D:6)
  A big kobold (D:5)
  A worker ant (D:8)
  3 orcs (D:6)
  7 kobolds (D:5)
  A butterfly (D:8)
14 creatures vanquished.

Grand Total: 204 creatures vanquished

Notes
Turn   | Place    | Note
--------------------------------------------------------------
     0 | D:1      | Monkaria the Demonspawn Chaos Knight began the quest for the Orb.
     0 | D:1      | Reached XP level 1. HP: 18/18 MP: 1/1
   227 | D:1      | Gained mutation: You have a pair of small horns on your head. [demonic ancestry]
   227 | D:1      | Reached XP level 2. HP: 16/24 MP: 2/2
   539 | D:2      | XOM: divination: detect items
   556 | D:2      | Reached skill level 1 in Unarmed Combat
   598 | D:2      | XOM: cast spell 'Beastly Appendage'
   900 | D:2      | Gained mutation: You have sharp fingernails. [demonic ancestry]
   900 | D:2      | Reached XP level 3. HP: 27/29 MP: 3/3
   951 | D:2      | XOM: silly message
  1027 | D:2      | Found a blossoming altar of Fedhas.
  1137 | D:2      | Noticed Crazy Yiuf
  1144 | D:2      | Killed Crazy Yiuf
  1231 | D:3      | Noticed Grinder
  1243 | D:2      | Gained mutation: You are slightly more attuned to the shadows. [demonic ancestry]
  1243 | D:2      | Reached XP level 4. HP: 33/36 MP: 4/4
  1309 | D:3      | Paralysed by Grinder for 5 turns
  1311 | D:3      | XOM: divination: detect items
  1389 | D:3      | Noticed Ijyb
  1397 | D:3      | XOM: summons 2 friendly demons
  1399 | D:3      | Killed Ijyb
  1449 | D:3      | XOM: chaos upgrade
  1454 | D:3      | XOM: smoke on damage
  1549 | D:3      | XOM: god gift: 31 gold pieces
  1573 | D:3      | Killed Grinder
  1573 | D:3      | Reached skill level 5 in Unarmed Combat
  1573 | D:3      | Gained mutation: You have a pair of horns on your head. [demonic ancestry]
  1573 | D:3      | Reached XP level 5. HP: 13/41 MP: 5/5
  1573 | D:3      | Gained mutation: You have very sharp fingernails. [demonic ancestry]
  1573 | D:3      | Reached XP level 6. HP: 14/47 MP: 6/6
  1808 | D:3      | Gained mutation: Your muscles are strong. (Str +2) [potion of mutation]
  1808 | D:3      | Gained mutation: Your mind is acute. (Int +2) [potion of mutation]
  1808 | D:3      | Gained mutation: Your magical capacity is low (-10% MP). [potion of mutation]
  2077 | D:4      | Found a staircase to the Ecumenical Temple.
  2104 | Temple   | Entered the Ecumenical Temple
  2107 | Temple   | XOM: 4-stop teleportation journey
  2230 | D:4      | XOM: polymorph worker ant -> jelly
  2234 | D:4      | Reached skill level 6 in Unarmed Combat
  2465 | D:4      | Noticed Blork the orc
  2475 | D:4      | Killed Blork the orc
  2584 | D:4      | Found a white marble altar of Elyvilon.
  2584 | D:4      | Found an iron altar of Okawaru.
  2702 | D:4      | Reached XP level 7. HP: 52/52 MP: 6/6
  2791 | D:4      | XOM: vitrification
  2993 | D:4      | XOM: summons 1 hostile demon
  3012 | D:5      | Entered Level 5 of the Dungeon
  3044 | D:5      | XOM: destruction
  3246 | D:5      | Noticed Edmund
  3258 | D:5      | Killed Edmund
  3258 | D:5      | Reached skill level 7 in Unarmed Combat
  3309 | D:5      | XOM: god gift: 13 gold pieces
  3578 | D:5      | XOM: enchant monster (good)
  3631 | D:5      | Found Duqatte's Food Shop.
  3720 | D:5      | Found a bloodstained altar of Trog.
  3959 | D:5      | XOM: colour smoke trail
  4079 | D:5      | Noticed kinazarov's ghost (average DEWz)
  4082 | D:5      | XOM: fog
  4092 | D:5      | Killed kinazarov's ghost
  4092 | D:5      | Reached XP level 8. HP: 53/59 MP: 7/7
  4360 | D:6      | Found Ankutea's Armour Emporium.
  4389 | D:6      | Found Gixiol's Armour Shop.
  4441 | D:6      | Reached skill level 5 in Armour
  4448 | D:6      | Found Yzatwupe's Food Shoppe.
  4536 | D:6      | Noticed Pikel
  4543 | D:6      | Killed Pikel
  4612 | D:6      | Found a shadowy altar of Dithmenos.
  4688 | D:6      | Found Quvezin's Gadget Shop.
  4821 | D:6      | Found Tuviuke's Antique Armour Shoppe.
  4922 | D:6      | XOM: god gift: paperback book {god gift}
  5111 | D:7      | Got a crude rapier
  5120 | D:7      | XOM: medium Conj miscast
  5488 | D:7      | Gained mutation: You sometimes gain a little power by taking damage. [demonic ancestry]
  5488 | D:7      | Reached XP level 9. HP: 64/64 MP: 8/8
  5562 | D:7      | Reached skill level 8 in Armour
  5852 | D:8      | XOM: polymorph ogre -> dwarf
  5863 | D:8      | XOM: summons 7 friendly demons
  6044 | D:8      | XOM: divination: detect items
  6179 | D:8      | XOM: cast spell 'Blink'
  6187 | D:8      | XOM: cast spell 'Summon Swarm'
  6201 | D:8      | Reached skill level 9 in Armour
  6209 | D:8      | XOM: summons 4 friendly demons
  6240 | D:8      | Noticed a three-headed hydra
  6467 | D:8      | XOM: confuse monster(s)
  6472 | D:8      | Killed a one-headed hydra
  6472 | D:8      | Reached skill level 10 in Armour
  6639 | D:8      | Gained mutation: You have large cloven feet. [demonic ancestry]
  6639 | D:8      | Reached XP level 10. HP: 43/70 MP: 9/9
  6648 | D:8      | Reached skill level 11 in Armour
  6745 | D:8      | XOM: scenery: create altars
  6747 | D:8      | XOM: silly message
  6810 | D:8      | Found a sacrificial altar of Ru.
  6914 | D:8      | XOM: confuse monster(s)
  6972 | D:9      | Found a flagged portal.
  6990 | Bailey   | Entered a bailey
  6990 | Bailey   | Noticed Kisielow's ghost (experienced GrFi)
  6993 | Bailey   | XOM: confusion
  7011 | Bailey   | Slain by Kisielow's ghost

Vault maps used:
D:1:      mrwooster_arrival_arrow, hangedman_decor_slide_cut, grunt_decor_cap
D:2:      fedhas_altar_2, minmay_cut_off, uniq_crazy_yiuf_cottage
D:3:      first_bread, minmay_misc_feat_hallway, corner_web_ring, uniq_iyjb,
          uniq_grinder
D:4:      gammafunk_temple_overflow_elements,
          minmay_temple_entry_statues_fountains, portal_sewer_entry_e,
          uniq_blork_the_orc
D:5:      kennysheep_kobold_camp, serial_shops, kennysheep_mini_moat,
          bloody_trog, uniq_edmund
D:6:      nicolae_overflow_crystal_walls, serial_shops, shop, shop,
          nicolae_shop_temple_entry_statues_fountains, shop,
          nicolae_shop_waterfront, uniq_pikel
D:8:      lemuel_coloured_pillars_altar, hangedman_ranch,
          kennysheep_generic_room_11
D:9:      grunt_temple_overflow_opulence, orc_0_dummy, enter_bailey_2,
          serial_shops, nicolae_shop_behind_doors, nemelex_dance_club_becter,
          uniq_grum
Temple:   circular_temple_12
Bailey:   bailey_axe_minmay_hex_keep, bailey

Action                   |  1- 3 |  4- 6 |  7- 9 | 10-12 || total
-------------------------+-------+-------+-------+-------++-------
Melee: Falchion          |    61 |    35 |       |       ||    96
       Unarmed           |       |   109 |   392 |    37 ||   538
       Hand axe          |       |       |     3 |       ||     3
 Abil: Evoke Berserk Rag |       |       |       |     1 ||     1
Evoke: Wand              |       |     2 |     1 |       ||     3
  Use: Scroll            |       |    14 |     6 |     2 ||    22
       Potion            |       |     1 |       |     4 ||     5
 Stab: Paralysed         |     2 |       |       |       ||     2
       Sleeping          |       |     3 |     2 |       ||     5
       Petrifying        |       |       |     3 |       ||     3
       Petrified         |       |       |     2 |       ||     2
       Distracted        |       |       |     2 |       ||     2
       Confused          |       |       |     2 |       ||     2
  Eat: Chunk             |       |     5 |    12 |     1 ||    18
       Pizza             |       |       |     1 |       ||     1
